[Event "Late-Titled-Tuesday-Blitz-February-06-2024"]
[Site "Chess.com"]
[Date "2024.02.06"]
[Round "2"]
[White "MeisterJabo"]
[Black "MathiasWomacka"]
[Result "1/2-1/2"]
[WhiteElo "2333"]
[BlackElo "2524"]
[TimeControl "180+1"]
[EndTime "14:18:55 PST"]
[Termination "Game drawn - timeout vs insufficient material"]

1. c4 c5 2. g3 Nf6 3. Bg2 d5 4.
cxd5 Nxd5 5. Nc3 Nc7 6. a3 g6 7.
b4 cxb4 8. axb4 Bg7 9. Nf3 O-O 10. O-O Nc6 11. b5 Nxb5 12. Qb3 Nbd4 13. Nxd4 Nxd4 14. Qd1 Bg4 15. Bb2 Nxe2+ 16. Nxe2 Bxb2 17. Rb1 Bf6 18. Rxb7 Qd3 19. f3 Bf5 20. Rb3 Qd6 21. d4 a5 22.
f4 Ra7 23. Rb5 a4 24. Rd5 Qb6 25. Nc3 a3 26. Na2 Rd8 27. Rxd8+ Qxd8 28. d5 Qb6+ 29.
Kh1 Qb2 30. Nc1 a2 31. Nxa2 Rxa2 32. Qf3 h5 33. h3 Bxh3 34. Rg1 Bxg2+ 35. Rxg2 Qxg2+ 36. Qxg2 Rxg2 37. Kxg2 Kf8 38. g4 Ke8 39. f5 hxg4 40.
fxg6 fxg6 41. Kg3 Kd7 42. Kxg4 Kd6 43. Kf4 Kxd5 44. Ke3 g5 45. Kf3 Ke5 46. Kg4 Ke4 47.
Kg3 e5 48. Kg2 Kd3 49. Kf2 e4 50. Ke1 e3 51. Kd1 e2+ 52. Ke1 g4 53. Kf2 Kd2 54. Kg3 e1=Q+ 55. Kf4 Qf2+ 56. Kxg4 Ke3 57. Kh5 1/2-1/2

[Event "Late-Titled-Tuesday-Blitz-February-06-2024"]
[Site "Chess.com"]
[Date "2024.02.06"]
[Round "2"]
[White "elmusmolamas"]
[Black "Ducke13"]
[Result "0-1"]
[WhiteElo "2505"]
[BlackElo "2295"]
[TimeControl "180+1"]
[EndTime "14:18:55 PST"]
[Termination "Ducke13 won on time"]

1. e4 c5 2. Nc3 d6 3. Bc4 Nc6 4.
a3 g6 5. d3 Bg7 6. h4 h6 7. h5 g5 8. Nge2 Nf6 9. Ba2 Bg4 10.
f4 gxf4 11. Bxf4 Bxh5 12. Qd2 Nd4 13. O-O-O Qa5 14. Ng3 Bxd1 15. Qxd1 O-O-O 16. Bxf7 e6 17. Nce2 Kd7 18. Nxd4 cxd4 19. Nh5 Nxh5 20. Rxh5 Qb6 21. Bxe6+ Kc7 22. Bc4 Kb8 23. Rb5 Qc7 24. Qh5 Rhe8 25. Bd5 b6 26. Rb4 Be5 27. Rc4 Bxf4+ 28. Kb1 Qe7 29.
Bc6 Rf8 30. Qb5 Rc8 31. b3 Rc7 32. Bd5 Rfc8 33. a4 Rxc4 34. bxc4 Rc5 35. Qb4 Qc7 36. Kb2 Be5 37. Kb3 a5 38. Qa3 Bf4 39. Ka2 b5 40.
axb5 Qb6 41. Kb3 Bd2 42. Ka4 Bc3 43. Qc1 Qc7 44. Qxh6 Rxd5 45. Qf8+ Kb7 46. exd5 Kb6 47. Qe8 Bd2 48. g4 Be3 49. Qe4 Qc5 50. Kb3 Qb4+ 51. Ka2 Bc1 0-1

[Event "Late-Titled-Tuesday-Blitz-February-06-2024"]
[Site "Chess.com"]
[Date "2024.02.06"]
[Round "2"]
[White "Crasyhealer"]
[Black "aleksanchess"]
[Result "1-0"]
[WhiteElo "2499"]
[BlackElo "2206"]
[TimeControl "180+1"]
[EndTime "14:18:56 PST"]
[Termination "Crasyhealer won on time"]

1. c4 e5 2. Nc3 Nf6 3. Nf3 Nc6 4. g3 d5 5. cxd5 Nxd5 6. d3 Be7 7. Bg2 Nb6 8. b3 O-O 9. Bb2 Be6 10. O-O f5 11.
Rc1 Bf6 12. Nd2 Qd7 13. a4 Nd5 14. Nc4 Rab8 15. Qc2 Nd4 16. Qd1 c5 17. e3 Nc6 18.
Nxd5 Bxd5 19. e4 Be6 20. Ne3 Nb4 21. exf5 Bxf5 22. Nxf5 Qxf5 23. Be4 Qc8 24. Qh5 g6 25. Bxg6 hxg6 26. Qxg6+ Bg7 27. Bxe5 Rf7 28. Bxb8 Qxb8 29. Rxc5 Nc6 30. Rh5 Rf6 31. Qh7+ Kf8 32. Rg5 Rf7 33. Re1 Qd8 34. h4 Qd4 35. Rf5 Qd7 36.
Rxf7+ Qxf7 37. Qe4 Ne5 38. Kg2 Nc6 39. b4 Nd4 40. h5 Nc6 41. Rh1 Bh6 42. Re1 Bg7 43. Qg6 Qd5+ 44. Re4 Ne5 45. Qf5+ Kg8 46. h6 Bxh6 47. Qxe5 Qxd3 48. Qe6+ Kh7 49. Rg4 1-0

[Event "Late-Titled-Tuesday-Blitz-February-06-2024"]
[Site "Chess.com"]
[Date "2024.02.06"]
[Round "2"]
[White "ContrVersia"]
[Black "chrisclaireredfield"]
[Result "1-0"]
[WhiteElo "2853"]
[BlackElo "2561"]
[TimeControl "180+1"]
[EndTime "14:18:59 PST"]
[Termination "ContrVersia won by resignation"]

1. d4 d5 2. c4 c6 3. cxd5 cxd5 4. Nc3 Nf6 5. Bg5 Nc6 6. Bxf6 gxf6 7. e3 Bf5 8. Qb3 e6 9. Qxb7 Rc8 10. Bb5 Qc7 11. Qxc7 Rxc7 12. Nge2 Bb4 13. a3 Ba5 14. b4 Bb6 15.
Na4 Ke7 16. Kd2 Kd6 17. Rhc1 Rhc8 18. Rc3 Ne7 19. Nxb6 axb6 20. Rac1 Rxc3 21. Nxc3 Ra8 22. a4 e5 23. Be2 Bd7 24. Nb5+ Bxb5 25. Bxb5 h5 26. Kd3 h4 27. g3 hxg3 28. hxg3 Ra7 29. Ra1 Nc6 30. Bxc6 Kxc6 31. dxe5 fxe5 32. f4 f6 33. a5 bxa5 34. bxa5 Kb5 35. fxe5 fxe5 36. a6 Kb6 37. g4 Kc6 38. Rf1 Kd6 39. Rf6+ Ke7 40. g5 Ra8 41. Rb6 Kf7 42. Rd6 Ra7 43.
Rxd5 Rxa6 44. Rxe5 Kg6 45. Rb5 Ra3+ 46. Ke4 Ra1 47. Rb8 Kxg5 48. Rf8 Kg6 49. Kd4 Ra7 50. e4 Rf7 51. Rxf7 Kxf7 52. Kd5 Ke7 53. Ke5 Kd7 54. Kf6 Ke8 55. Ke6 Kd8 56. Kf7 1-0

[Event "Late-Titled-Tuesday-Blitz-February-06-2024"]
[Site "Chess.com"]
[Date "2024.02.06"]
[Round "2"]
[White "LUISMIGUELOV"]
[Black "Cambek64"]
[Result "0-1"]
[WhiteElo "2219"]
[BlackElo "2495"]
[TimeControl "180+1"]
[EndTime "14:18:59 PST"]
[Termination "Cambek64 won on time"]

1. d4 Nf6 2. c3 d5 3. Bg5 Ne4 4. h4 Nxg5 5. hxg5 g6 6. f4 h5 7. gxh6 Rxh6 8. Rxh6 Bxh6 9. g3 Bg4 10. Bg2 c6 11. Nd2 Nd7 12. Qb3 Qb6 13. Ngf3 f6 14. O-O-O Qxb3 15. axb3 Kf7 16. Rh1 Kg7 17. b4 Re8 18. Bh3 Bxh3 19. Rxh3 e5 20. e3 e4 21. Nh4 f5 22. Kc2 Nf6 23. Rh1 Ng4 24. Ng2 g5 25.
Nf1 Kg6 26. fxg5 Bxg5 27. Nf4+ Bxf4 28. gxf4 Re7 29. Kd2 Rh7 30. Rxh7 Kxh7 31. Ng3 Kg6 32. Ke2 Nf6 33. b3 b5 34. Kd2 Ne8 35. c4 bxc4 36.
bxc4 dxc4 37. Kc3 Nd6 38. Kc2 Nb5 39. Kb2 a6 40. Kc2 Nc7 41. Kc3 Nd5+ 42. Kxc4 Nxe3+ 43. Kc5 Nc2 44. Ne2 Kh5 45. Kxc6 Nxb4+ 46. Kb6 Kg4 47. Ka5 Nd5 48. Kxa6 Kf3 49. Nc1 Kxf4 50. Kb5 e3 51.
Kc4 Ke4 52. Ne2 f4 53. Nxf4 Nxf4 54. Kc3 Kd5 55. Kc2 Kxd4 56. Kd1 Kd3 57. Ke1 e2 58.
Kf2 Kd2 59. Kg3 e1=Q+ 60. Kh2 Qf2+ 0-1

[Event "Late-Titled-Tuesday-Blitz-February-06-2024"]
[Site "Chess.com"]
[Date "2024.02.06"]
[Round "2"]
[White "K_A_S_T_O_R"]
[Black "TimGrutter03"]
[Result "1/2-1/2"]
[WhiteElo "2891"]
[BlackElo "2591"]
[TimeControl "180+1"]
[EndTime "14:19:04 PST"]
[Termination "Game drawn by repetition"]

1. e4 e5 2. Nf3 Nc6 3. Bb5 a6 4. Ba4 Nf6 5. O-O Nxe4 6. d4 b5 7.
Bb3 d5 8. dxe5 Be7 9. c3 Be6 10. Be3 O-O 11. Nbd2 f5 12. exf6 Nxf6 13. Ng5 Bf5 14.
h3 h6 15. Ngf3 Qd7 16. Nd4 Nxd4 17. Bxd4 c5 18. Be5 Rad8 19. Re1 c4 20. Bc2 Bc5 21. Nf3 Bxc2 22. Qxc2 Ne4 23. Bd4 Bxd4 24. cxd4 Rxf3 25. gxf3 Ng5 26. Re3 Nxh3+ 27. Kf1 Nf4 28. Ke1 Ng2+ 29.
Kd2 Nxe3 30. fxe3 Qh3 31. Qd1 Rf8 32. f4 g5 33. Qg1 g4 34. Rf1 Re8 35. f5 Rxe3 36.
Qxe3 Qxf1 37. Qe8+ Kh7 38. Qg6+ Kh8 39. Qxh6+ Kg8 40.
Qg6+ Kf8 41. Qxg4 Qd3+ 42. Kc1 Qe3+ 43. Kd1 Qd3+ 44. Ke1 Qb1+ 45. Kf2 Qxb2+ 46. Kg3 Qc3+ 47. Kh4 Qe1+ 48. Kg5 Qe7+ 49. f6 Qe3+ 50. Kh5 Ke8 51. Qg8+ Kd7 52. f7 Qh3+ 53. Kg6 Qg4+ 54. Kh6 Qh4+ 55.
Kg7 Qg5+ 56. Kh8 Qh6+ 57. Qh7 Qf8+ 58. Qg8 Qh6+ 59. Qh7 Qf8+ 60. Qg8 Qh6+ 1/2-1/2

[Event "Late-Titled-Tuesday-Blitz-February-06-2024"]
[Site "Chess.com"]
[Date "2024.02.06"]
[Round "2"]
[White "temiksmozg"]
[Black "BogdanDeac"]
[Result "0-1"]
[WhiteElo "2615"]
[BlackElo "2995"]
[TimeControl "180+1"]
[EndTime "14:19:07 PST"]
[Termination "BogdanDeac won by resignation"]

1. e4 e5 2. Nf3 Nc6 3. Bb5 a6 4.
Ba4 Bc5 5. d3 Nge7 6. Nc3 O-O 7.
Bb3 d6 8. h3 Na5 9. Be3 Nxb3 10. axb3 Bxe3 11. fxe3 f5 12. Qd2 h6 13. O-O-O fxe4 14. dxe4 Be6 15. Rhf1 a5 16. Nh4 Rxf1 17. Rxf1 Qd7 18. g4 a4 19. bxa4 b5 20. Nf5 bxa4 21. Nxe7+ Qxe7 22. Nd5 Qd7 23. Qc3 Ra7 24. Qb4 Qe8 25.
Qc3 Qd8 26. Qc6 a3 27. bxa3 Rxa3 28. Kd2 Ra7 29. Rb1 Kh7 30. Rb7 Rxb7 31. Qxb7 Bxd5 32. exd5 Qd7 33. Qb4 Qf7 34. Qe4+ g6 35. Ke2 Kg7 36. Qc4 Kf6 37. h4 Qd7 38. Kf3 h5 39. Kg3 hxg4 40. Qxg4 Qf5 41. e4 Qf1 42. Qf3+ Qxf3+ 43. Kxf3 Kg7 44. Kg4 Kh6 45. c3 Kh7 46. Kg5 Kg7 47. h5 gxh5 48. Kxh5 Kh7 49. Kg5 Kg7 50. Kf5 Kf7 51.
c4 Ke7 52. Kg6 Ke8 53. Kf6 Kf8 54. c5 dxc5 55. Kxe5 Ke7 56. Kf5 c4 57. Kf4 Kd6 58.
Kf3 Ke5 59. Ke3 c3 60. Kd3 c2 61. Kxc2 Kxe4 0-1

[Event "Late-Titled-Tuesday-Blitz-February-06-2024"]
[Site "Chess.com"]
[Date "2024.02.06"]
[Round "2"]
[White "Zhigalko_Sergei"]
[Black "manitodeplomo"]
[Result "1/2-1/2"]
[WhiteElo "2947"]
[BlackElo "2614"]
[TimeControl "180+1"]
[EndTime "14:19:09 PST"]
[Termination "Game drawn by stalemate"]

1. e4 e5 2. Nf3 Nf6 3. d4 Nxe4 4. Bd3 Nc6 5. d5 Nc5 6. dxc6 e4 7. cxb7 Bxb7 8.
Be2 exf3 9. Bxf3 Bxf3 10. Qxf3 Bd6 11. O-O O-O 12. Be3 Qh4 13. g3 Qe4 14. Qxe4 Nxe4 15. Nd2 Nxd2 16. Bxd2 Rfe8 17. Rfe1 f6 18. Kf1 Kf7 19.
b3 Rxe1+ 20. Rxe1 Re8 21. Rd1 h5 22. Be3 a6 23. Rd4 Re6 24. Rc4 Ke7 25. Ra4 Be5 26. Bc5+ Bd6 27. Be3 Be5 28. Ke2 Rc6 29. Kd3 Ke6 30.
Ra5 d5 31. Bd2 g5 32. h3 g4 33. hxg4 hxg4 34. Ra4 f5 35. Ra5 Bf6 36. Bb4 Be5 37. Bc5 f4 38. gxf4 Bxf4 39. Bd4 Bd6 40. c4 dxc4+ 41.
bxc4 Be7 42. Rh5 Rd6 43. Ke4 Rc6 44. Rh6+ Kd7 45. Rxc6 Kxc6 46. Kf5 Bc5 47. Bxc5 Kxc5 48. Kxg4 Kxc4 49. f4 Kd5 50. Kf3 c5 51. Ke3 a5 52.
a4 c4 53. Kd2 Ke4 54. Kc3 Kxf4 55. Kxc4 Ke5 56. Kc5 Ke6 57. Kb6 Kd7 58. Kb7 Kd8 59. Kb6 Kc8 60. Kxa5 Kb8 61. Kb6 Ka8 62. a5 Kb8 63. a6 Ka8 64. a7 1/2-1/2

[Event "Late-Titled-Tuesday-Blitz-February-06-2024"]
[Site "Chess.com"]
[Date "2024.02.06"]
[Round "2"]
[White "mightysmasher"]
[Black "Veleamater"]
[Result "1-0"]
[WhiteElo "2563"]
[BlackElo "2338"]
[TimeControl "180+1"]
[EndTime "14:19:09 PST"]
[Termination "mightysmasher won on time"]

1. e4 d6 2. d4 g6 3. Nf3 Bg7 4. c4 Nf6 5. Nc3 O-O 6. Bd3 Nc6 7.
O-O e5 8. d5 Ne7 9. Re1 h6 10.
Be3 Ne8 11. Nd2 f5 12. f3 f4 13. Bf2 g5 14. c5 Rf7 15. Rc1 Bf8 16. Nc4 Rg7 17.
cxd6 cxd6 18. Qb3 Ng6 19. Bf1 h5 20. Nb5 g4 21. Nxa7 g3 22. Bb6 Qh4 23. h3 Bd7 24.
Na5 Nh8 25. Rc2 Nf7 26. Nxb7 Ng5 27. Nc6 Bxh3 28. gxh3 g2 29. Rxg2 Nxh3+ 30. Kh2 Qxe1 31. Rxg7+ Nxg7 32. Bxh3 Qg3+ 33. Kh1 Qxh3+ 34. Kg1 Qg3+ 35. Kh1 h4 36. Qd3 Rxa2 37. Qf1 h3 38. Bg1 Rxb2 39. Nbd8 h2 40. Ba7 Rb3 41. Ne6 Rxf3 42.
Qd1 Rd3 43. Qf1 Qg4 44. Qxd3 f3 45. Qf1 Qxe4 46. Nxf8 f2+ 47. Kxh2 Qh4+ 48. Kg2 Nf5 49. Ng6 Qg4+ 50. Kh1 Qh5+ 51. Kg2 Qxg6+ 52. Kxf2 Qg3+ 53. Ke2 Qg4+ 54. Kd3 e4+ 55. Kc4 e3+ 56. Kb5 e2 57. Qe1 1-0

[Event "Late-Titled-Tuesday-Blitz-February-06-2024"]
[Site "Chess.com"]
[Date "2024.02.06"]
[Round "2"]
[White "platy3"]
[Black "xakevicius91"]
[Result "1-0"]
[WhiteElo "2950"]
[BlackElo "2606"]
[TimeControl "180+1"]
[EndTime "14:19:11 PST"]
[Termination "platy3 won by resignation"]

1. e4 c5 2. Nf3 e6 3. d4 cxd4 4. Nxd4 Nc6 5. Nc3 Qc7 6. Be3 a6 7. Qf3 Nf6 8. O-O-O d6 9. Qg3 Bd7 10. Be2 Rc8 11. f3 b5 12. Nxc6 Bxc6 13. a3 Qb7 14. Rxd6 Bxd6 15. Qxd6 Qe7 16. Qe5 Bb7 17. Rd1 O-O 18.
g4 Rfd8 19. Rxd8+ Rxd8 20. h4 Ne8 21. g5 Qd6 22. Qxd6 Nxd6 23. Bc5 Bc6 24. b3 f6 25.
Bd3 Kf7 26. gxf6 gxf6 27. Kd2 Nb7 28. Bb6 Rg8 29. Ne2 Rg2 30. Ke3 Rh2 31. Nd4 Bd7 32. c4 bxc4 33. Bxc4 a5 34. Ba6 Bc8 35. Bxa5 Rxh4 36.
Bc7 Rh1 37. b4 h5 38. Nb5 Ke7 39. Bb8 h4 40. Na7 Kd7 41. Bb5+ Kd8 42. Nc6+ Kd7 43. Na7+ Kd8 44. Kf2 Ra1 45. a4 e5 46. Nc6+ Kd7 47. Nxe5+ Kd8 48. Nc6+ Kd7 49. Na7+ Kd8 50. Nxc8 Kxc8 51.
Bf4 Rb1 52. Kg2 Rxb4 53. Kh3 Nc5 54. Bd6 Rb3 55. Bxc5 Rxf3+ 56. Kg4 Rb3 57. Kxh4 Rc3 58.
Bd4 Rb3 59. Bxf6 1-0

[Event "Late-Titled-Tuesday-Blitz-February-06-2024"]
[Site "Chess.com"]
[Date "2024.02.06"]
[Round "2"]
[White "Rsnr"]
[Black "Statham_01"]
[Result "1-0"]
[WhiteElo "2906"]
[BlackElo "2590"]
[TimeControl "180+1"]
[EndTime "14:19:12 PST"]
[Termination "Rsnr won by resignation"]

1. b3 e5 2. Bb2 Nc6 3. e3 d5 4. Bb5 Ne7 5. Bxe5 a6 6. Bxc6+ Nxc6 7. Bb2 Qg5 8. Qf3 Bd6 9. Nh3 Qg6 10. Nf4 Bxf4 11.
exf4 Nb4 12. Na3 O-O 13. O-O Nxc2 14. Nxc2 Qxc2 15. Be5 c6 16. Qe3 Qe4 17. Qc5 Re8 18.
Rfe1 Qg6 19. f3 Bf5 20. Qb6 h5 21. Qxb7 f6 22. Bd4 Bh3 23. g3 Qd3 24. Be3 d4 25. Kf2 dxe3+ 26. dxe3 Rad8 27. Re2 Qc3 28. Rae1 Rd2 29.
Qxa6 Rxe2+ 30. Rxe2 Rd8 31. Qc4+ Qxc4 32. bxc4 Rd1 33.
Rc2 Rf1+ 34. Ke2 Rh1 35. Kd3 h4 36. Kd4 Rd1+ 37. Kc5 Bd7 38. gxh4 Rf1 39. a4 Rxf3 40. Rc3 Rf2 41. Ra3 Bc8 42. Kxc6 Rc2 43. c5 Kf7 44. a5 Ba6 45. Kb6 Bf1 46. a6 Rb2+ 47.
Kc7 Rc2 48. a7 Bg2 49. Ra5 Ba8 50. Kb8 Be4 51. a8=Q Rb2+ 52. Kc7 Bxa8 53. Rxa8 Rxh2 54. c6 Re2 55. Ra3 Ra2 56. Rxa2 1-0

[Event "Late-Titled-Tuesday-Blitz-February-06-2024"]
[Site "Chess.com"]
[Date "2024.02.06"]
[Round "2"]
[White "frequentblunders"]
[Black "dcann0n88"]
[Result "0-1"]
[WhiteElo "2164"]
[BlackElo "2465"]
[TimeControl "180+1"]
[EndTime "14:19:12 PST"]
[Termination "dcann0n88 won on time"]

1. d3 g6 2. f4 Bg7 3. Nf3 Nf6 4. g3 O-O 5. Bg2 d5 6. O-O b6 7. Nc3 Bb7 8. Qe1 d4 9. Nd1 c5 10. e4 dxe3 11. Nxe3 Nc6 12. Bd2 Nd4 13. Nxd4 Bxg2 14.
Nxg2 cxd4 15. f5 Rc8 16. fxg6 hxg6 17. Rc1 Re8 18. Nf4 e5 19. Nh3 Qd5 20. Ng5 a5 21.
b3 Rc6 22. Ne4 Nxe4 23. dxe4 Qd7 24. Qe2 Rec8 25. Qd3 Qc7 26. Qf3 f6 27. Qg4 Kf7 28. Bg5 Qd6 29. Rf2 Kg8 30. Bxf6 Bxf6 31. Qxg6+ Bg7 32.
Qf7+ Kh7 33. Rf5 Qc7 34. Rh5+ Rh6 35. Qf5+ Kg8 36. Rf1 Rxh5 37. Qxh5 Rf8 38. Rxf8+ Kxf8 39. Qf5+ Ke7 40. Qg6 Kf8 41. Qf5+ Kg8 42. Qe6+ Kh7 43. Qf5+ Kh8 44. h4 Qe7 45. h5 Qf6 46. Qc8+ Kh7 47. g4 Kh6 48. Kg2 Kg5 49. Qd7 Kh4 50. Qf5 Qxf5 51. gxf5 Kxh5 52. Kf3 Kh4 53. Ke2 Kg4 54. Kd3 Kf4 0-1

[Event "Late-Titled-Tuesday-Blitz-February-06-2024"]
[Site "Chess.com"]
[Date "2024.02.06"]
[Round "2"]
[White "Arteler"]
[Black "DreamsAreFake"]
[Result "0-1"]
[WhiteElo "2499"]
[BlackElo "2722"]
[TimeControl "180+1"]
[EndTime "14:19:13 PST"]
[Termination "DreamsAreFake won by resignation"]

1. e4 c6 2. Nc3 Na6 3. Qf3 Nc7 4. d4 d5 5. Be3 g6 6. O-O-O Bg7 7. h4 h5 8. Qg3 Nf6 9. f3 dxe4 10. fxe4 Bg4 11.
Nf3 O-O 12. Bf4 Ne6 13. Be5 b5 14. d5 Nc5 15. dxc6 Qa5 16. Bxb5 Nfxe4 17. Nxe4 Nxe4 18. Qf4 Qxb5 19. Bxg7 Kxg7 20. Qxe4 Rfc8 21. c7 Qa5 22. Rd8 Rxd8 23. cxd8=Q Rxd8 24. Qe5+ Qxe5 25. Nxe5 Bf5 26. Nc6 Rd7 27. Rd1 Rc7 28. Nd4 Be4 29. Rd2 a6 30. b4 Rc3 31. Re2 f5 32. Ne6+ Kf6 33. Nc5 Bd5 34.
Nxa6 e5 35. Rd2 Bxa2 36. Kb2 Rc6 37. b5 Rb6 38. Kxa2 Rxb5 39. Rd6+ Kg7 40. Nc7 Rb4 41. Ne6+ Kf7 42. Ng5+ Kg7 43. Rd7+ Kg8 44. Rd8+ Kg7 45.
Rd7+ Kg8 46. g3 Rg4 47. Rd6 Kg7 48. Rd7+ Kg8 49. Rd3 f4 50. gxf4 exf4 51. Rd6 Kg7 52. Rd7+ Kf6 53. Rf7+ Ke5 54. c4 Rxh4 55. Nf3+ Ke6 56.
Rf8 Rg4 57. c5 Kd5 58. Rc8 Rg3 59. Nd2 Rg2 60. Kb3 h4 61. Kb4 h3 62. Rd8+ Kc6 63. Nc4 h2 64. Rh8 g5 65. Ne5+ Kd5 66. c6 Kxe5 67.
c7 Rc2 68. Rxh2 Rxc7 0-1

[Event "Late-Titled-Tuesday-Blitz-February-06-2024"]
[Site "Chess.com"]
[Date "2024.02.06"]
[Round "2"]
[White "Felix-Rose"]
[Black "balachess2006"]
[Result "0-1"]
[WhiteElo "2376"]
[BlackElo "2698"]
[TimeControl "180+1"]
[EndTime "14:19:13 PST"]
[Termination "balachess2006 won by checkmate"]

1. e4 c5 2. Nf3 Nc6 3. d4 cxd4 4. Nxd4 g6 5. c4 Nf6 6. Nc3 d6 7. f3 Nxd4 8. Qxd4 Bg7 9. Be3 O-O 10. Qd2 a5 11. Na4 Be6 12. Nb6 Rb8 13. Qxa5 Nd7 14.
Qb4 f5 15. exf5 Rxf5 16. Nxd7 Qxd7 17. Bd3 Re5 18. Kf2 b5 19. Bd4 Qc8 20. cxb5 Rd5 21. Bxg7 Rxd3 22. Rhc1 Qd7 23. Bc3 Rxb5 24. Qe4 Rdd5 25.
a4 Bf5 26. Qh4 Rb3 27. Qh6 Qa7+ 28. Qe3 Qb7 29. a5 Rd3 30. Qe2 Rdxc3 31. a6 Qa7+ 32. Kf1 Bd3 33. bxc3 Bxe2+ 34. Kxe2 Rb6 35. Rcb1 Rxb1 36.
Rxb1 Qxa6+ 37. Kd2 Kf7 38. Rb2 Qa3 39. Kc2 Qa1 40.
c4 Qg1 41. Kb3 Qxh2 42. Kb4 Qe5 43. Rd2 Qc5+ 44. Kc3 h6 45. Rd5 Qa3+ 46. Kd4 e5+ 47. Ke4 Ke6 48. Rd3 Qc5 49. g4 Qxc4+ 50. Ke3 d5 51. g5 hxg5 52. Ra3 Kf5 53. Kf2 Qc5+ 54. Kg3 Qxa3 55. Kh3 g4+ 56. Kh4 gxf3 57. Kg3 Qe3 58. Kh4 Qg5+ 59. Kh3 Qg4+ 60. Kh2 Qg2# 0-1

[Event "Late-Titled-Tuesday-Blitz-February-06-2024"]
[Site "Chess.com"]
[Date "2024.02.06"]
[Round "2"]
[White "mr_gustavo"]
[Black "semchik73"]
[Result "0-1"]
[WhiteElo "2689"]
[BlackElo "2398"]
[TimeControl "180+1"]
[EndTime "14:19:14 PST"]
[Termination "semchik73 won on time"]

1. Nf3 d5 2. b3 Nf6 3. Bb2 g6 4. g3 Bg7 5. Bg2 O-O 6. O-O c5 7. d4 Ne4 8. e3 Nc6 9. Nbd2 f5 10. Qc1 Qb6 11. a3 cxd4 12. exd4 Nxd4 13. Nxd4 Bxd4 14. Nf3 Bxf2+ 15. Kh1 Be3 16. Qd1 Nf2+ 17. Rxf2 Bxf2 18. Qxd5+ Qe6 19. Qd2 Be3 20. Qc3 Qf6 21.
Ne5 Bb6 22. Re1 Be6 23. Qb4 Rac8 24. Nd3 Qf7 25. Nf4 Rxc2 26. Nxe6 Rxb2 27. Nxf8 Kxf8 28. Qc3 Qf6 29. Qc8+ Kg7 30. Qxb7 Bc5 31. b4 Qc3 32. Rd1 Qc2 33. Qd5 Bd6 34. Rf1 Qc3 35. Qa5 Qd2 36. Qd5 Qxd5 37. Bxd5 Rd2 38. Bc4 e5 39. Rc1 e4 40. Kg1 e3 41. Kf1 Rxh2 42. Rc3 f4 43.
gxf4 Bxf4 44. Be2 Rf2+ 45. Ke1 Rh2 46. Kd1 Rh1+ 47. Kc2 Ra1 48. Kd3 Ra2 49. Bf3 g5 50. Rc1 Rxa3+ 51. Ke4 Ra4 52. Rb1 a5 53. Kf5 Rxb4 54.
Rd1 a4 55. Rd7+ Kf8 56. Kf6 Rb6+ 57. Kf5 a3 58. Ra7 Bd6 59. Ke6 Bb8+ 0-1

[Event "Late-Titled-Tuesday-Blitz-February-06-2024"]
[Site "Chess.com"]
[Date "2024.02.06"]
[Round "2"]
[White "guillembaches"]
[Black "Yushko_Olga"]
[Result "1/2-1/2"]
[WhiteElo "2550"]
[BlackElo "2211"]
[TimeControl "180+1"]
[EndTime "14:19:16 PST"]
[Termination "Game drawn - insufficient material"]

1. d4 e6 2. Nf3 Nf6 3. Bg5 d5 4. Nbd2 Nbd7 5. e3 c5 6. c3 Be7 7. Bd3 O-O 8. Ne5 Nxe5 9. dxe5 Nd7 10. Bxe7 Qxe7 11. f4 f6 12. exf6 Qxf6 13. Qh5 g6 14.
Qh6 Qg7 15. Qxg7+ Kxg7 16. Nf3 c4 17. Bc2 Nc5 18. Ne5 b5 19. Kd2 Bb7 20. Rhe1 a5 21. a3 Rfd8 22. g4 Rab8 23. g5 Ba8 24. h4 b4 25. axb4 axb4 26. Ra7+ Kg8 27. h5 bxc3+ 28. bxc3 Ne4+ 29. Bxe4 dxe4+ 30. Kc2 gxh5 31. g6 hxg6 32. Rg1 Rb7 33. Rxb7 Bxb7 34. Rxg6+ Kh7 35. Rxe6 Bd5 36.
Rg6 Ra8 37. Rg5 Kh6 38. Nd7 Be6 39. Nc5 Bg4 40. Nxe4 Bf3 41. Ng3 h4 42. Nf5+ Kh7 43.
Nxh4 Be4+ 44. Kc1 Ra1+ 45. Kb2 Rb1+ 46. Ka2 Rb3 47. Re5 Bd3 48. Nf5 Rxc3 49. Nd4 Rc1 50. Rc5 Re1 51. f5 Rxe3 52. Kb2 Re1 53. Kc3 Rf1 54. Nb5 Rxf5 55. Rxf5 Bxf5 56. Nd6 Bd3 57. Kd4 Kg6 58. Nb5 Kf5 59. Na3 Kf4 60. Nxc4 1/2-1/2

[Event "Late-Titled-Tuesday-Blitz-February-06-2024"]
[Site "Chess.com"]
[Date "2024.02.06"]
[Round "2"]
[White "Slovak_fighter2000"]
[Black "jinxy2009"]
[Result "1-0"]
[WhiteElo "2515"]
[BlackElo "2252"]
[TimeControl "180+1"]
[EndTime "14:19:16 PST"]
[Termination "Slovak_fighter2000 won on time"]

1. d4 Nf6 2. c4 e6 3. Nf3 d5 4. Nc3 h6 5. Bf4 Bd6 6. Bg3 O-O 7. e3 Re8 8. Qc2 b6 9. cxd5 exd5 10. Bxd6 cxd6 11. Bb5 Re7 12. O-O a6 13. Be2 Bg4 14. h3 Bh5 15. Rfe1 Bg6 16. Bd3 Bxd3 17. Qxd3 Nc6 18. a3 b5 19. Rac1 Rc8 20. Qf5 Qd7 21. Qxd7 Rxd7 22. Rc2 Na5 23. Rec1 Rdc7 24. Ne1 Nb3 25. Rd1 a5 26. Re2 b4 27. axb4 axb4 28.
Na2 Rc4 29. Nd3 Ne4 30. Naxb4 Nc1 31. Nxc1 Rxc1 32. Rxc1 Rxc1+ 33. Kh2 Nf6 34. Rc2 Rb1 35. Nd3 Kf8 36. b4 Ke7 37. Rb2 Ra1 38. b5 Kd7 39. f3 Kc7 40. Rb3 Kb6 41. Rc3 Kxb5 42.
Rc7 Ra3 43. Nf4 Rxe3 44. Rxf7 Kc4 45. Rxg7 Kxd4 46. Rg6 Nd7 47. Rxd6 Ne5 48. Rxd5+ Kc3 49. Rd6 Re2 50. Kg3 Nc4 51. Rxh6 Rd2 52. Rc6 Kb3 53. h4 Ne3 54. Rb6+ Kc4 55. Rc6+ Kb5 56. Re6 Nf1+ 57. Kg4 Nh2+ 58. Kf5 Nf1 59. g4 Ng3+ 60.
Kg6 Rh2 61. h5 Kc5 62. h6 Kd4 63. h7 1-0

[Event "Late-Titled-Tuesday-Blitz-February-06-2024"]
[Site "Chess.com"]
[Date "2024.02.06"]
[Round "2"]
[White "ukchessbomber"]
[Black "FairChess_on_YouTube"]
[Result "1/2-1/2"]
[WhiteElo "2662"]
[BlackElo "3045"]
[TimeControl "180+1"]
[EndTime "14:19:21 PST"]
[Termination "Game drawn by repetition"]

1. Nf3 Nf6 2. b3 g6 3. Bb2 Bg7 4. d4 O-O 5. e3 d6 6. Be2 Nc6 7. O-O Qe8 8. d5 Nb8 9. c4 e5 10. dxe6 Bxe6 11. Nc3 Nc6 12. Qd2 Rd8 13. Rfd1 Ne5 14. Nb5 Qe7 15. Nxe5 dxe5 16. Qa5 Ne4 17. Qxc7 Qh4 18. g3 Qf6 19. f4 Rxd1+ 20. Rxd1 Qf5 21. Bxe5 Nxg3 22. hxg3 Qh3 23. f5 Bxf5 24. Bf3 Bg4 25.
Bxg4 Qxg4 26. Rd8 Qe2 27. Rxf8+ Bxf8 28. Bc3 Qxe3+ 29. Kg2 Qe2+ 30. Kh3 Qf1+ 31. Kh2 Qf2+ 32.
Kh1 Qf3+ 33. Kh2 Qe2+ 34. Kh1 a6 35. Qe5 Qxe5 36. Bxe5 axb5 37. cxb5 f5 38. a4 Kf7 39. a5 Ke6 40. Bd4 Kd5 41. a6 bxa6 42. bxa6 Kc6 43.
Kg2 Bd6 44. Kf3 h5 45. Be3 Bf8 46. Kg2 Be7 47. Kf3 g5 48. Kg2 g4 49. Bd4 Bd6 50.
Be3 Bb4 51. Bf2 Kc7 52. Bd4 Kb8 53. Kf2 Bd6 54. Kg2 Ka8 55. Kf2 Kb8 56. Kg2 f4 57. gxf4 Bxf4 58. Bf2 Bg5 59. b4 h4 60. b5 h3+ 61. Kh1 Bd8 62. Bg3+ Ka7 63. Bf2+ Bb6 64. Bxb6+ Kxb6 65. Kh2 Ka7 66. Kg3 Kb6 67. Kh2 Ka7 68.
Kg3 Ka8 69. Kh2 Ka7 1/2-1/2

[Event "Late-Titled-Tuesday-Blitz-February-06-2024"]
[Site "Chess.com"]
[Date "2024.02.06"]
[Round "2"]
[White "kingofthenil"]
[Black "ilya2700"]
[Result "0-1"]
[WhiteElo "2680"]
[BlackElo "2344"]
[TimeControl "180+1"]
[EndTime "14:19:22 PST"]
[Termination "ilya2700 won by resignation"]

1. d4 Nf6 2. c4 g6 3. Nc3 Bg7 4. e4 d6 5. Nf3 O-O 6. Be2 c5 7. O-O cxd4 8. Nxd4 Nc6 9. Be3 Bd7 10.
h3 Nxd4 11. Bxd4 Bc6 12. f4 Nd7 13. Bxg7 Kxg7 14. Qd4+ Kg8 15. Nd5 Bxd5 16. exd5 Qb6 17. Qxb6 axb6 18. a4 Nc5 19. Bd1 Rfc8 20. Bc2 Na6 21. b3 Nb4 22. Rac1 b5 23. axb5 Ra2 24. Bb1 Rb2 25. Rf3 Ra8 26. Bd3 Rxb3 27. Be2 Rb2 28. Bf1 Raa2 29. Re1 Kf8 30. Rc3 Nc2 31. Re2 Nd4 32.
Rxb2 Rxb2 33. Ra3 Nf5 34. Ra8+ Kg7 35. Ra7 Ne3 36. Bd3 Rxg2+ 37. Kh1 Rd2 38. Be4 f5 39. Bf3 Rf2 40. Rxb7 Rxf3 41. b6 Nxc4 42. Rxe7+ Kf6 43. b7 Rb3 44. Rd7 g5 45. fxg5+ Kxg5 46. Rxh7 f4 47. h4+ Kg4 48. Rg7+ Kh3 49. h5 Rb1+ 50. Rg1 Rxb7 51.
Rg2 f3 52. Rg5 Rb1+ 53. Rg1 Rxg1+ 54. Kxg1 Kg3 55. Kf1 f2 56. Ke2 Ne3 57. Kxe3 f1=Q 58. Ke4 Qf4+ 59. Kd3 Qh6 60. Kc4 Qxh5 61. Kb5 Qe5 62.
Kc6 Kg4 63. Kb6 Qxd5 64. Ka7 Qc5+ 65. Kb8 Qc6 66. Ka7 Qb5 67. Ka8 d5 68. Ka7 d4 69.
Ka8 d3 0-1